 Dungeon Crawl Stone Soup version 0.26-a0-651-gb41185065b (webtiles) character file.

Game seed: 10819372562209833337

126677 Flugslaktarn the Severer (level 16, -11/156 HPs)
             Began as a Deep Dwarf Fighter on Oct 19, 2020.
             Was the Champion of Makhleb.
             Killed from afar by Mara (illusionary) (41 damage)
             ... with a bolt of fire
             ... on level 4 of the Swamp.
             The game lasted 00:10:15 (12633 turns).

Flugslaktarn the Severer (Deep Dwarf Fighter)      Turns: 12633, Time: 00:10:16

Health: -11/156    AC: 37    Str: 28    XL:     16   Next: 44%
Magic:  12/16      EV: 16    Int: 10    God:    Makhleb [******]
Gold:   876        SH:  0    Dex: 23    Spells: 15/15 levels left

rFire    . . .     SeeInvis .   E - +9 executioner's axe (freeze)
rCold    x . .     Faith    .   (shield currently unavailable)
rNeg     + + .     Spirit   .   D - +10 plate armour "Eci Haj" {Str+4 Slay+2}
rPois    +         Reflect  .   o - +0 helmet of the Heavens {Str+3 Dex+6}
rElec    .         Harm     .   M - +2 cloak
rCorr    .         Rampage  .   C - +2 pair of gloves
MR       +++..                  e - +2 pair of boots
Stlth    ..........             (no amulet)
HPRegen  0.00/turn              j - +4 ring of slaying
MPRegen  0.15/turn              J - ring "Raomum" {+Fly rPois rC- rN+ MR+ Slay+4}

@: non-regenerating, studying Fighting
A: damage resistance, heal wounds, negative energy resistance 1, sense
surroundings 2, no regeneration
a: Heal Wounds, Minor Destruction, Lesser Servant of Makhleb, Major Destruction,
Greater Servant of Makhleb, Renounce Religion, Evoke Flight


You were on level 4 of the Swamp.
You worshipped Makhleb.
Makhleb was exalted by your worship.
You visited 4 branches of the dungeon, and saw 23 of its levels.
You also visited: Gauntlet.

You collected 2884 gold pieces.
You spent 2008 gold pieces at shops.

Inventory:

Hand Weapons
 E - a +9 executioner's axe of freezing (weapon)
   (You bought it in a shop on level 5 of the Dungeon)
Armour
 c - a +0 kite shield
 e - a +2 pair of boots (worn)
   (You found it on level 5 of the Dungeon)
 o - the +0 helmet of the Heavens (worn) {Str+3 Dex+6}
   (You found it on level 12 of the Dungeon)

   It affects your strength (+3).
   It affects your dexterity (+6).
 y - the +3 hat of Pondering {ponderous, MR+ MP+10 Int+5}
   (You found it on level 8 of the Dungeon)

   It affects your intelligence (+5).
   It affects your resistance to hostile enchantments.
   It affects your magic capacity (+10).
 C - a +2 pair of gloves (worn)
   (You bought it in a shop on level 12 of the Dungeon)
 D - the +10 plate armour "Eci Haj" (worn) {Str+4 Slay+2}
   (You bought it in a shop on level 7 of the Dungeon)

   It affects your strength (+4).
   It affects your accuracy and damage with ranged weapons and melee attacks
   (+2).
 F - a scarf of resistance
   (You found it on level 7 of the Dungeon)
 M - a +2 cloak (worn)
   (You found it on level 7 of the Dungeon)
Jewellery
 f - an uncursed ring of protection from fire
   (You found it on level 14 of the Dungeon)
 i - an uncursed ring of see invisible
   (You found it on level 1 of the Dungeon)
 j - a +4 ring of slaying (left hand)
   (You found it on level 4 of the Dungeon)
 m - an uncursed ring of protection from magic
   (You took it off a minotaur in a Gauntlet)
 J - the ring "Raomum" (right hand) {+Fly rPois rC- rN+ MR+ Slay+4}
   (You found it in a Gauntlet)

   [ring of slaying]

   It affects your accuracy and damage with ranged weapons and melee attacks
   (+4).
   It makes you vulnerable to cold.
   It protects you from poison.
   It protects you from negative energy.
   It affects your resistance to hostile enchantments.
   It lets you fly.
Wands
 g - a wand of digging (4)
   (You took it off an efreet on level 14 of the Dungeon)
 s - a wand of iceblast (10)
   (You found it on level 5 of the Dungeon)
 u - a wand of acid (20)
   (You found it on level 13 of the Dungeon)
 A - a wand of paralysis (20)
   (You took it off Maurice on level 8 of the Dungeon)
 P - a wand of enslavement (12)
   (You found it on level 15 of the Dungeon)
Scrolls
 a - 2 scrolls of fear
 k - 4 scrolls of fog
 l - 4 scrolls of magic mapping
 r - 3 scrolls of identify
 t - 2 scrolls of teleportation
 x - 19 scrolls of remove curse
 z - 3 scrolls of blinking
 H - a scroll of enchant armour
 N - 2 scrolls of vulnerability
 O - 2 scrolls of silence
Potions
 b - 3 potions of flight
 d - a potion of might
 h - 5 potions of haste
 n - 2 potions of resistance
 p - 2 potions of cancellation
 q - 8 potions of curing
 v - 3 potions of mutation
 w - 2 potions of heal wounds
 K - a potion of ambrosia
 L - 2 potions of magic
Books
 B - a manual of Fighting
   (You found it in a Gauntlet)


   Skills:
 + Level 13.1 Fighting
 * Level 18.4 Axes
 + Level 11.8 Armour
 + Level 11.1 Dodging
 - Level 4.2 Shields
 + Level 12.8 Invocations
 - Level 10.0 Evocations


You had 15 spell levels left.
You didn't know any spells.
Your spell library was empty.

Dungeon Overview and Level Annotations

Branches:
Dungeon (15/15)            Temple (1/1) D:4            Lair (3/6) D:11
  Swamp (4/4) Lair:3          Orc (0/2) D:9          Vaults (0/5) D:14
 Depths (0/5) D:15        Gauntlet (visited)
  Snake: Lair:2-4    Spider: Lair:2-4

Altars:
Ashenzari
Cheibriados
Dithmenos
Elyvilon
Fedhas
Gozag
Hepliaklqana
Kikubaaqudgha
Makhleb
Nemelex Xobeh
Okawaru
Qazlal
Ru
Sif Muna
Trog
Uskayaw
Vehumet
Wu Jian
Xom
Yredelemnul
Zin
The Shining One
Beogh
Jiyva

Shops:
D:5 ?(   D:7 *   D:12 *

Annotations:
D:5 2 transporters, emiel's ghost, weakling FoDe
Lair:2 3 runed translucent doors, Ganog's ghost, journeyman MiBe
Lair:3 1 runed translucent door, loralnil's ghost, journeyman TrFi
Swamp:4 Mara


Innate Abilities, Weirdness & Mutations

You are resistant to damage.
You can heal yourself by infusing magical energy.
You resist negative energy. (rN+)
You passively map the area around you.
You do not regenerate.


Message History

* * * LOW HITPOINT WARNING * * *
Mara weaves an illusion.
Mara shimmers and seems to become two!
Flugslaktarn's illusion hits you.
* * * LOW HITPOINT WARNING * * *
Flugslaktarn's illusion freezes you.
You feel much better. Flugslaktarn's illusion hits you!
* * * LOW HITPOINT WARNING * * *
Flugslaktarn's illusion freezes you.
* * * LOW HITPOINT WARNING * * *
Mara blinks!
You feel much better. Mara gestures at you.
The bolt of fire hits Mara but does no damage.
The bolt of fire hits you!!
* * * LOW HITPOINT WARNING * * *
The tree smoulders and burns.
Mara gestures at you. The bolt of fire hits you!!!
You die...

♣♣♣♣♣♣ ♣♣♣♣♣♣♣♣ *
♣♣≈≈..♣♣♣♣≈..≈.≈♣ ≈ *
♣≈≈≈≈§..≈..≈.†.♣♣ ≈
♣....≈≈≈..≈≈.†.♣ ,
♣♣♣..≈≈≈..≈R@†♣♣ , ≈≈≈≈, ♣♣♣
♣♣≈≈≈≈≈.≈.R@♣ ≈ ≈≈ ♣♣≈♣♣
♣.≈≈≈≈≈≈≈..§§♣ * , ≈ ≈≈ ...≈♣
♣≈≈≈≈≈≈≈≈[≈.≈♣ * .≈ ≈
≈≈≈.♣♣♣.≈≈≈§≈≈≈R≈≈≈♣♣♣ ≈♣≈≈
≈≈≈≈...≈≈≈≈≈≈≈≈≈≈≈♣♣.♣ *≈≈≈≈ ,
≈≈≈≈.≈≈≈≈≈≈≈≈≈≈≈≈....♣ ♣.≈ ≈ ≈
≈≈≈.♣♣..≈≈≈§≈≈≈≈≈...≈♣♣♣≈♣*, ≈≈
♣..♣♣♣≈≈≈≈≈.≈≈≈≈......kk[♣♣ ≈≈≈
♣≈.≈♣.≈≈≈≈§≈≈≈≈≈.♣≈.≈≈.R≈?♣≈≈≈≈


You could see 3 Maras and Flugslaktarn's illusion.

Vanquished Creatures
  Jorgrun (D:15)
  Agnes (D:15)
  Roxanne (D:15)
  Louise (Swamp:4)
  A very ugly thing (D:14)
  Nessos (D:14)
  A minotaur (Gauntlet)
  A death ooze (Gauntlet)
  A vault guard (D:14)
  14 hydras
  6 centaur warriors
  A shambling mangrove (Swamp:1)
  4 two-headed ogres
  Erica (D:9)
  3 alligators (Swamp:3)
  A vampire mage (D:15)
  Urug (Lair:3)
  9 death yaks
  2 tengu warriors (D:14)
  A skeletal warrior (D:15)
  3 swamp dragons
  A golden dragon zombie (D:15)
  3 wizards (D:14)
  4 unseen horrors
  A lindwurm (Lair:3)
  An orc knight (D:14)
  2 deep elf magi
  A tengu skeleton (D:15)
  3 necromancers
  A manticore (shapeshifter) (D:14)
  2 manticores
  4 ugly things
  A black mamba (Lair:2)
  Maurice (D:8)
  Joseph (D:8)
  3 torpor snails (Lair:1)
  A cane toad (shapeshifter) (D:14)
  5 cane toads
  7 komodo dragons
  A redback zombie (D:13)
  4 kobold demonologists (D:15)
  2 tengu conjurers (D:14)
  An efreet (D:14)
  A guardian mummy (D:15)
  3 trolls
  7 tyrant leeches
  A hornet (D:6)
  A polar bear (Lair:2)
  A harpy skeleton (D:14)
  9 slime creatures
  3 hippogriffs
  4 bog bodies
  4 blink frogs (Lair:3)
  An ice dragon zombie (D:15)
  A large abomination (Gauntlet)
  A fire dragon skeleton (D:15)
  A shadow (D:13)
  A wyvern (D:15)
  A basilisk (shapeshifter) (D:13)
  A spriggan (Lair:2)
  29 yaks
  3 wraiths
  19 humans (D:14)
  A basilisk (Lair:2)
  17 vampire mosquitoes
  14 insubstantial wisps
  11 swamp worms
  A soldier ant (D:13)
  An acid dragon (D:15)
  5 water moccasins
  5 porcupines
  8 ice beasts
  A sky beast (D:6)
  Purgy (D:3)
  4 swamp drakes
  9 orc warriors
  2 black bears
  A necrophage (D:10)
  4 ogres
  4 phantoms
  26 centaurs
  3 wolves (Lair:2)
  5 crocodiles
  4 big kobolds
  17 bullfrogs
  2 wyvern zombies
  6 small abominations (Gauntlet)
  A gnoll sergeant (D:9)
  3 scorpions
  A water moccasin skeleton (D:8)
  11 wights
  8 howler monkeys
  3 electric eels (D:14)
  A quasit (D:6)
  2 centaur zombies
  A bullfrog zombie (D:12)
  12 orc priests
  2 hounds
  5 jellies
  7 centaur skeletons
  12 orc wizards
  4 bullfrog skeletons
  A gnoll shaman (D:7)
  2 iguanas
  10 worker ants
  A hound zombie (D:6)
  A hound skeleton (D:7)
  A worker ant zombie (D:7)
  9 gnolls
  A howler monkey skeleton (D:9)
  13 adders
  6 shadow imps
  2 white imps
  2 ufetubi (D:6)
  2 adder skeletons
  2 leopard geckos
  64 orcs
  3 ball pythons
  6 giant cockroaches
  A goblin (D:3)
  10 jackals
  18 kobolds
  5 quokkas
  2 bats (D:2)
  2 frilled lizards
  A quokka zombie (D:5)
  A rat (D:1)
588 creatures vanquished.

Vanquished Creatures (collateral kills)
  An ogre mage (D:15)
  2 swamp dragons (Swamp:4)
  A centaur skeleton (D:15)
  2 ogres (D:15)
  4 kobolds (D:15)
10 creatures vanquished.

Vanquished Creatures (others)
  A hydra (Swamp:4)
  7 fungi
  20 plants
  4 withered plants (D:15)
32 creatures vanquished.

Grand Total: 630 creatures vanquished

Notes
Turn   | Place    | Note
-------+----------+-------------------------------------------
     0 | D:1      | Flugslaktarn the Deep Dwarf Fighter began the quest for the
                  | Orb.
     0 | D:1      | Reached XP level 1. HP: 20/20 MP: 1/1
     1 | D:1      | Noticed a minotaur skeleton
    19 | D:1      | Noticed a minotaur skeleton
   133 | D:2      | Reached XP level 2. HP: 27/27 MP: 2/2
   160 | D:2      | Reached XP level 3. HP: 32/34 MP: 3/3
   166 | D:2      | Reached skill level 3 in Axes
   190 | D:3      | Noticed Purgy
   191 | D:3      | Reached XP level 4. HP: 23/42 MP: 4/4
   234 | D:3      | Killed Purgy
   234 | D:3      | Reached skill level 4 in Axes
   234 | D:3      | Reached XP level 5. HP: 41/50 MP: 5/5
   440 | D:4      | Found a staircase to the Ecumenical Temple.
   456 | D:4      | Reached XP level 6. HP: 36/57 MP: 6/6
   471 | Temple   | Entered the Ecumenical Temple
   676 | Temple   | Became a worshipper of Makhleb the Destroyer
  1106 | D:5      | Entered Level 5 of the Dungeon
  1187 | D:5      | Noticed a yak
  1188 | D:5      | Noticed a yak
  1189 | D:5      | Noticed a yak
  1189 | D:5      | Noticed a yak
  1189 | D:5      | Noticed a yak
  1189 | D:5      | Noticed a yak
  1209 | D:5      | Killed a yak
  1209 | D:5      | Reached skill level 1 in Dodging
  1209 | D:5      | Reached skill level 1 in Invocations
  1217 | D:5      | Killed a yak
  1217 | D:5      | Reached skill level 5 in Axes
  1217 | D:5      | Reached XP level 7. HP: 27/66 MP: 5/7
  1221 | D:5      | Killed a yak
  1221 | D:5      | Reached skill level 5 in Fighting
  1227 | D:5      | Killed a yak
  1227 | D:5      | Reached skill level 5 in Armour
  1232 | D:5      | Killed a yak
  1232 | D:5      | Reached skill level 6 in Axes
  1232 | D:5      | Reached XP level 8. HP: 36/75 MP: 6/9
  1320 | D:5      | Found a transporter.
  1700 | D:5      | Found Suegad's Magic Scroll Shoppe.
  1709 | D:5      | Found Naderch's Weapon Boutique.
  1788 | D:5      | Found a transporter.
  1788 | D:5      | Noticed emiel's ghost (weakling FoDe)
  2229 | D:6      | Noticed a hornet
  2236 | D:6      | Paralysed by a hornet for 1 turns
  2240 | D:6      | Paralysed by a hornet for 2 turns
  2243 | D:6      | Killed a hornet
  2243 | D:6      | Reached skill level 7 in Axes
  2600 | D:6      | Reached * piety under Makhleb
  2671 | D:6      | Reached skill level 1 in Evocations
  2811 | D:6      | Gained mutation: You passively map the area around you.
                  | [Deep Dwarf growth]
  2811 | D:6      | Reached XP level 9. HP: 31/85 MP: 11/11
  2992 | D:6      | Found a stormy altar of Qazlal.
  2993 | D:6      | Found a glowing golden altar of the Shining One.
  3572 | D:6      | Reached skill level 5 in Invocations
  3843 | D:7      | Reached skill level 8 in Axes
  3847 | D:7      | Reached ** piety under Makhleb
  3980 | D:7      | Found Nathroju's General Store.
  4332 | D:8      | Noticed Joseph
  4334 | D:8      | Found the +3 hat of Pondering {ponderous, MR+ MP+10 Int+5}
  4369 | D:8      | Reached XP level 10. HP: 46/94 MP: 12/12
  4387 | D:8      | Reached *** piety under Makhleb
  4389 | D:8      | Killed Joseph
  4389 | D:8      | Reached skill level 5 in Dodging
  4396 | D:8      | Reached skill level 9 in Axes
  4547 | D:8      | Found a shimmering blue altar of Sif Muna.
  4653 | D:8      | Found an ancient bone altar of Kikubaaqudgha.
  4749 | D:8      | Noticed Maurice
  4807 | D:8      | Killed Maurice
  4902 | D:9      | Noticed Erica
  4908 | D:9      | Noticed a two-headed ogre
  4921 | D:9      | Reached skill level 5 in Evocations
  4922 | D:9      | Killed a two-headed ogre
  4944 | D:9      | Killed Erica
  5077 | D:9      | Found a roughly hewn altar of Beogh.
  5124 | D:9      | Reached skill level 10 in Axes
  5142 | D:9      | Reached XP level 11. HP: 51/104 MP: 14/14
  5162 | D:9      | Reached **** piety under Makhleb
  5172 | D:9      | Found a staircase to the Orcish Mines.
  5584 | D:10     | Entered Level 10 of the Dungeon
  5876 | D:5      | Bought a +2 executioner's axe of freezing for 390 gold
                  | pieces
  6152 | D:11     | Noticed a brown ugly thing
  6167 | D:11     | Killed a brown ugly thing
  6267 | D:11     | Noticed an unseen horror
  6294 | D:11     | Killed an unseen horror
  6336 | D:11     | You fall into a shaft and drop 3 floors!
  6337 | D:14     | Found a sacrificial altar of Ru.
  6337 | D:14     | Noticed a centaur warrior
  6353 | D:14     | Killed a centaur warrior
  6444 | D:14     | Identified the +12 long sword of Desperation {speed, rPois
                  | MR+ Str+3 Dex+4}
  6456 | D:14     | Noticed a centaur warrior
  6457 | D:14     | Noticed a centaur warrior
  6458 | D:14     | Reached ***** piety under Makhleb
  6464 | D:14     | Reached skill level 11 in Axes
  6465 | D:14     | Noticed an unseen horror
  6466 | D:14     | Killed a centaur warrior
  6466 | D:14     | Killed a centaur warrior
  6471 | D:14     | Killed an unseen horror
  6475 | D:14     | Reached XP level 12. HP: 105/115 MP: 14/14
  6606 | D:14     | Noticed a purple very ugly thing
  6615 | D:14     | Killed a purple very ugly thing
  6744 | D:12     | Found a gate leading to a gauntlet.
  6755 | Gauntlet | Entered a Gauntlet
  6755 | Gauntlet | Found a transporter.
  6755 | Gauntlet | Found a transporter.
  6768 | Gauntlet | Found a transporter.
  6776 | Gauntlet | Found a transporter.
  6779 | Gauntlet | Found a transporter.
  6787 | Gauntlet | Found a transporter.
  6787 | Gauntlet | Noticed a death ooze
  6805 | Gauntlet | Found a transporter.
  6811 | Gauntlet | Found a transporter.
  6813 | Gauntlet | Found a transporter.
  6822 | Gauntlet | Found a transporter.
  6824 | Gauntlet | Found a transporter.
  6826 | Gauntlet | Found a transporter.
  6986 | Gauntlet | Killed a death ooze
  6986 | Gauntlet | Reached skill level 12 in Axes
  6996 | Gauntlet | Got a glittering amber ring
  7017 | Gauntlet | Reached skill level 14 in Axes
  7017 | Gauntlet | Reached XP level 13. HP: 93/123 MP: 16/16
  7018 | Gauntlet | Reached skill level 15 in Axes
  7018 | Gauntlet | Gained mutation: You resist negative energy. (rN+) [Deep
                  | Dwarf growth]
  7018 | Gauntlet | Reached XP level 14. HP: 99/130 MP: 17/17
  7023 | Gauntlet | Identified the ring "Raomum" {+Fly rPois rC- rN+ MR+
                  | Slay+4} (You found it in a Gauntlet)
  7036 | Gauntlet | Identified the +4 glaive "Murmur" {drain, Int+2 SInv}
  7125 | D:12     | Found Cozxigib's Assorted Antiques.
  7248 | D:12     | Bought a pair of gloves for 166 gold pieces
  7436 | D:12     | Got a bloodstained helmet
  7447 | D:12     | Identified the +0 helmet of the Heavens {Str+3 Dex+6} (You
                  | found it on level 12 of the Dungeon)
  7683 | D:11     | Found a staircase to the Lair.
  7708 | D:11     | Found a shadowy altar of Dithmenos.
  7825 | D:11     | Reached skill level 10 in Fighting
  8317 | D:13     | Reached skill level 16 in Axes
  8438 | D:13     | Reached skill level 10 in Invocations
  8594 | D:13     | Reached ****** piety under Makhleb
  8978 | D:14     | Found a gate to the Vaults.
  9056 | D:14     | Noticed Nessos
  9062 | D:14     | Killed Nessos
  9062 | D:14     | Reached skill level 10 in Armour
  9062 | D:14     | Reached XP level 15. HP: 83/140 MP: 15/15
  9230 | D:15     | Entered Level 15 of the Dungeon
  9250 | D:15     | Noticed Jorgrun
  9261 | D:15     | Reached skill level 10 in Evocations
  9263 | D:15     | Killed Jorgrun
  9318 | D:15     | Noticed Agnes
  9332 | D:15     | Killed Agnes
  9388 | D:15     | Identified Roxanne's Grimoire of Changing
  9388 | D:15     | Noticed Roxanne
  9397 | D:15     | Killed Roxanne
  9459 | D:15     | Reached skill level 17 in Axes
  9478 | D:15     | Found a staircase to the Depths.
  9596 | D:15     | Found a white marble altar of Elyvilon.
  9884 | D:15     | Identified 2 scrolls of acquirement
  9888 | D:15     | Acquired 550 gold pieces
  9889 | D:15     | Acquired 1160 gold pieces
 10060 | D:7      | Bought the +10 plate armour "Eci Haj" {Str+4 Slay+2} for
                  | 1452 gold pieces
 10194 | Lair:1   | Entered Level 1 of the Lair of Beasts
 10213 | Lair:1   | Found a snail-covered altar of Cheibriados.
 10324 | Lair:2   | Reached skill level 10 in Dodging
 10437 | Lair:2   | Found a runed translucent gate.
 10437 | Lair:2   | Found a runed translucent gate.
 10445 | Lair:2   | Found a runed translucent gate.
 10849 | Lair:2   | Noticed Ganog's ghost (journeyman MiBe)
 10851 | Lair:2   | Found a viscous altar of Jiyva.
 11068 | Lair:3   | Noticed Urug
 11082 | Lair:3   | Killed Urug
 11213 | Lair:3   | Found a runed translucent door.
 11693 | Lair:3   | Reached XP level 16. HP: 152/154 MP: 17/17
 11707 | Lair:3   | Found a staircase to the Swamp.
 11824 | Lair:3   | Noticed loralnil's ghost (journeyman TrFi)
 11944 | Swamp:1  | Entered Level 1 of the Swamp
 12049 | Swamp:2  | Found a white marble altar of Elyvilon.
 12126 | Swamp:3  | Reached skill level 18 in Axes
 12276 | Swamp:4  | Entered Level 4 of the Swamp
 12439 | Swamp:4  | Noticed Louise
 12460 | Swamp:4  | Killed Louise
 12573 | Swamp:4  | Noticed Mara
 12579 | Swamp:4  | Noticed Flugslaktarn's illusion
 12622 | Swamp:4  | Noticed Flugslaktarn's illusion
 12633 | Swamp:4  | Killed from afar by Mara (illusionary)

Illustrated notes

Levels and vault maps discovered:
D:1:      shiori_arrival_whats_in_store_for_you, layout_rooms
D:2:      layout_basic, uniq_sigmund
D:3:      layout_basic, uniq_purgy
D:4:      layout_loops_ring, minmay_temple_entry_mist
D:5:      layout_basic, serial_glass, glass_columns_a, glass_columns_b,
          gammafunk_ghost_mausoleum, serial_shops, nicolae_shop_crystal,
          nicolae_shop_behind_doors
D:6:      minmay_razor_zed, layout_layer_cave, gammafunk_temple_overflow_pools
D:7:      layout_cave_pools, serial_shops,
          nicolae_shop_temple_entry_statues_fountains, minmay_circle_x
D:8:      layout_cave_pools, grunt_temple_overflow_open, uniq_maurice,
          uniq_joseph
D:9:      layout_loops_ring, david_orc_5, uniq_erica
D:10:     layout_rooms, moated_statue, grunt_decor_one_mirror
D:11:     layout_loops_cross, lair_entry_dummy, grunt_dithmenos_shadows
D:12:     layout_roguey, gauntlet_entry_generic, serial_shops, shop
D:13:     layout_roguey, kennysheep_generic_room_6
D:14:     minmay_ambush_box, layout_rooms, grunt_vaults_entry_tiered,
          serial_bayou_ford_a, nicolae_ru_awakened_eye, uniq_nessos
D:15:     gammafunk_depths_entry_grave, layout_small_grid, elyvilon_altar_5,
          minmay_fractal_squares_diagonal_5, uniq_agnes, uniq_roxanne,
          uniq_jorgrun
Temple:   hc_temple_tempest_star
Lair:1:   layout_loops_ring, gammafunk_ghost_grave, serial_bayou_pond_a,
          kennysheep_snail_temple
Lair:2:   layout_big_grid, gammafunk_ghost_ooze, grunt_forest_stairs_clearing
Lair:3:   layout_cave_pods, palyth_hydra_swamp_entry,
          nicolae_volcano_entry_vermiform, ebering_ghost_reflecting_pool,
          uniq_urug
Swamp:1:  layout_falls_marsh, ebering_ghost_inner_flame, hangedman_swamp_diagram
Swamp:2:  layout_basic_swamp, ebering_ghost_rock_garden, basic_altar
Swamp:3:  layout_falls_marsh, serial_swamp_ruin, evilmike_swamp_ruin_house_4,
          evilmike_swamp_ruin_rubble_2, evilmike_swamp_ruin_house_6, swamp_pool3
Swamp:4:  swamp_basic_johnstein, layout_basic_swamp, uniq_louise, uniq_mara

Skill      XL: |  1  2  3  4  5  6  7  8  9 10 11 12 13 14 15 16 |
---------------+-------------------------------------------------+-----
Fighting       | 3 4 5 6 7 8 9 10 12 13 | 13.1
Axes           | 3 4 5 6 7 8 10 11 14 15 16 17 18 | 18.4
Armour         | 4 5 6 7 8 9 10 11 | 11.8
Shields        | 4 |  4.2
Dodging        | 1 2 3 4 5 7 8 10 11 | 11.1
Invocations    | 1 3 4 5 7 8 9 10 12 | 12.8
Evocations     | 1 4 5 7 8 9 10 | 10.0

Action                   |  1- 3 |  4- 6 |  7- 9 | 10-12 | 13-15 | 16-18 || total
-------------------------+-------+-------+-------+-------+-------+-------++-------
Melee: War axe           |    50 |   113 |   318 |   240 |       |       ||   721
       Executioner's axe |       |       |       |   164 |   439 |   163 ||   766
Invok: Lesser Servant of |       |       |       |       |     3 |       ||     3
       Greater Servant o |       |       |       |       |       |     2 ||     2
 Abil: Heal Wounds       |       |     5 |     9 |     8 |     9 |     9 ||    40
Evoke: Wand              |       |       |     1 |     1 |       |     1 ||     3
  Use: Potion            |       |     1 |     1 |     1 |     3 |       ||     6
       Scroll            |       |       |    15 |    10 |    18 |     1 ||    44
 Stab: Invisible         |       |       |       |       |     1 |       ||     1
       Distracted        |       |       |       |       |     4 |       ||     4
       Confused          |       |       |       |       |     1 |       ||     1
Armor: Scale mail        |    23 |    92 |     7 |       |       |       ||   122
       Plate armour      |       |       |   185 |   356 |   391 |   229 ||  1161
       Chain mail        |       |       |    14 |       |       |       ||    14
Dodge: Dodged            |    15 |    67 |    79 |   213 |   367 |   240 ||   981
Block: Kite shield       |    30 |    99 |   184 |   147 |       |       ||   460

Table legend: (Time is in decaauts)
 A = Elapsed time spent in this place.
 B = Non-inter-level travel time spent in this place.
 C = Inter-level travel time spent in this place.
 D = Time resting spent in this place.
 E = Time spent auto-exploring this place.
 F = Levels seen in this place.
 G = Mean time per level.
                   A        B        C        D        E       F      G
               +--------+--------+--------+--------+--------+-----+--------+
         Total |  13273 |  11937 |   1336 |    113 |   8567 |  24 |  553.0 |
       Dungeon |  10177 |   9093 |   1084 |    113 |   6481 |  15 |  678.5 |
        Temple |    217 |    188 |     29 |      0 |    186 |   1 |  217.0 |
          Lair |   1779 |   1599 |    180 |      0 |   1334 |   3 |  593.0 |
         Swamp |    759 |    717 |     42 |      0 |    417 |   4 |  189.8 |
      Gauntlet |    339 |    339 |      0 |      0 |    147 |   1 |  339.0 |
               +--------+--------+--------+--------+--------+-----+--------+

Top non-repeatable levels by time:
     D:6: 1502 daAuts
     D:5: 1207 daAuts
  Lair:3: 1071 daAuts
     D:9: 924 daAuts
    D:14: 862 daAuts
     D:7: 781 daAuts
    D:11: 765 daAuts
    D:13: 736 daAuts
    D:12: 691 daAuts
    D:15: 684 daAuts
     D:4: 665 daAuts
     D:8: 636 daAuts
  Lair:2: 605 daAuts
    D:10: 438 daAuts
 Swamp:4: 400 daAuts
